| TOP OF THE 1ST |
|
Peninsula Panthers batting - Pitching for Winston-Salem Spirits : LHP Chuck Hensley
|
|
Pitching: LHP Chuck Hensley
|
|
|
Batting: SHB Vince Coleman
|
0-0: Ball 1-0: Ball 2-0: Foul Ball, location: 2F 2-1: Swinging Strike 2-2: Ball 3-2: Foul Ball, location: 2F 3-2: Foul Ball, location: 2F 3-2: Ground out 6-3 (Groundball, 6MS, EV 89.4 MPH)
|
|
Batting: SHB Romel Beck
|
0-0: Ball 1-0: SINGLE (Groundball, 6MD, EV 106.9 MPH)
|
|
Batting: SHB Steven Malito
|
0-0: Swinging Strike 0-1: Ball 1-1: Fly out, F6 (Popup, 6MS, EV 69.4 MPH)
|
|
Batting: RHB David Stokes
|
0-0: Called Strike 0-1: Ball 1-1: Called Strike 1-2: Fly out, F7 (Line Drive, 7D, EV 87.5 MPH)
|
| Top of the 1st over - 0 runs, 1 hit, 0 errors, 1 left on base; Peninsula 0 - Winston-Salem 0 |
| BOTTOM OF THE 1ST |
|
Winston-Salem Spirits batting - Pitching for Peninsula Panthers : RHP Steve Daniels
|
|
Pitching: RHP Steve Daniels
|
|
|
Batting: SHB Frank Diaz
|
0-0: Called Strike 0-1: Swinging Strike 0-2: SINGLE (Groundball, 4M, EV 103.1 MPH) (infield hit)
|
|
Batting: SHB Jim Thomas
|
0-0: SINGLE (Line Drive, 6D, EV 94.4 MPH) Frank Diaz to second
|
|
Batting: SHB Danny Montero
|
0-0: Called Strike 0-1: Ball 1-1: Foul Ball, location: 2F 1-2: Ball 2-2: Ball 3-2: Strikes out swinging
|
|
Batting: RHB Jeffrey Smith
|
0-0: Swinging Strike 0-1: Ball 1-1: Called Strike 1-2: Ball 2-2: Foul Ball, location: 2F 2-2: Ball 3-2: Foul Ball, location: 2F 3-2: Foul Ball, location: 2F 3-2: Foul Ball, location: 2F 3-2: Base on Balls Frank Diaz to third Jim Thomas to second
|
|
Batting: RHB Larry Reasonover
|
0-0: Ground out 3-1 (Groundball, 34, EV 83.1 MPH) Frank Diaz scores Jim Thomas to third Jeffrey Smith to second
|
|
Batting: RHB Bruce Benedict
|
0-0: Ground out 4-3 (Groundball, 4, EV 88.1 MPH)
|
| Bottom of the 1st over - 1 run, 2 hits, 0 errors, 2 left on base; Peninsula 0 - Winston-Salem 1 |
| TOP OF THE 2ND |
|
Peninsula Panthers batting - Pitching for Winston-Salem Spirits : LHP Chuck Hensley
|
|
Batting: RHB Lawrence McGee
|
0-0: Ball 1-0: Ball 2-0: Called Strike 2-1: Ball 3-1: Base on Balls
|
|
Batting: RHB David Stevens
|
0-0: Ball 1-0: Called Strike 1-1: Foul Ball, location: 2F 1-2: Grounds into double play, 4-6-3 (Groundball, 4, EV 79.4 MPH)
|
|
Batting: LHB Ted French
|
0-0: Called Strike 0-1: Called Strike 0-2: Ball 1-2: Ball 2-2: Strikes out looking
|
| Top of the 2nd over - 0 runs, 0 hits, 0 errors, 0 left on base; Peninsula 0 - Winston-Salem 1 |
| BOTTOM OF THE 2ND |
|
Winston-Salem Spirits batting - Pitching for Peninsula Panthers : RHP Steve Daniels
|
|
Batting: RHB Ell Roberson
|
0-0: Ball 1-0: Foul Ball, location: 2F 1-1: Ground out 6-3 (Groundball, 6, EV 87.5 MPH)
|
|
Batting: RHB Venson Davis
|
0-0: Ball 1-0: Fly out, F4 (Popup, 3D, EV 55.6 MPH)
|
|
Batting: RHB Kelly Miller
|
0-0: SINGLE (Line Drive, 7S, EV 86.9 MPH)
|
|
Batting: SHB Frank Diaz
|
0-0: Ball 1-0: Ball 2-0: Ball 3-0: Foul Ball, location: 2F 3-1: Fly out, F7 (Flyball, 7LM, EV 96.3 MPH)
|
| Bottom of the 2nd over - 0 runs, 1 hit, 0 errors, 1 left on base; Peninsula 0 - Winston-Salem 1 |
| TOP OF THE 3RD |
|
Peninsula Panthers batting - Pitching for Winston-Salem Spirits : LHP Chuck Hensley
|
|
Batting: LHB Randy Harvey
|
0-0: Swinging Strike 0-1: Swinging Strike 0-2: Strikes out swinging
|
|
Batting: RHB Franklin McKinney
|
0-0: Ball 1-0: Fly out, F9 (Flyball, 89D, EV 103.8 MPH)
|
|
Batting: SHB Vince Coleman
|
0-0: Bunt missed! 0-1: Foul Ball, location: 2F 0-2: SINGLE (Groundball, 56D, EV 100.6 MPH)
|
|
Batting: SHB Romel Beck
|
0-0: Foul Ball, location: 2F 0-1: Ground out 5-3 (Groundball, 56S, EV 74.4 MPH)
|
| Top of the 3rd over - 0 runs, 1 hit, 0 errors, 1 left on base; Peninsula 0 - Winston-Salem 1 |
| BOTTOM OF THE 3RD |
|
Winston-Salem Spirits batting - Pitching for Peninsula Panthers : RHP Steve Daniels
|
|
Batting: SHB Jim Thomas
|
0-0: Called Strike 0-1: Ball 1-1: Reached via error on a dropped throw from 2B, E3 (Groundball, 4, EV 87.5 MPH)
|
|
Batting: SHB Danny Montero
|
0-0: Called Strike 0-1: Ball 1-1: Ball 2-1: Swinging Strike 2-2: Strikes out swinging
|
|
Batting: RHB Jeffrey Smith
|
0-0: Ball Pickoff Throw by Catcher to First - Out! 1-0: Swinging Strike 1-1: Ground out 6-3 (Groundball, 6, EV 85.6 MPH)
|
| Bottom of the 3rd over - 0 runs, 0 hits, 1 error, 0 left on base; Peninsula 0 - Winston-Salem 1 |
| TOP OF THE 4TH |
|
Peninsula Panthers batting - Pitching for Winston-Salem Spirits : LHP Chuck Hensley
|
|
Batting: SHB Steven Malito
|
0-0: Ball 1-0: Ball 2-0: Ball 3-0: Called Strike 3-1: Base on Balls
|
|
Batting: RHB David Stokes
|
0-0: Ball 1-0: Foul Ball, location: 2F 1-1: Grounds into double play, 6-4-3 (Groundball, 6M, EV 85.6 MPH)
|
|
Batting: RHB Lawrence McGee
|
0-0: Ball 1-0: Called Strike 1-1: Ball 2-1: Foul Ball, location: 2F 2-2: Ground out 6-3 (Groundball, 6, EV 91.3 MPH)
|
| Top of the 4th over - 0 runs, 0 hits, 0 errors, 0 left on base; Peninsula 0 - Winston-Salem 1 |
| BOTTOM OF THE 4TH |
|
Winston-Salem Spirits batting - Pitching for Peninsula Panthers : RHP Steve Daniels
|
|
Batting: RHB Larry Reasonover
|
0-0: Ball 1-0: Foul Ball, location: 2F 1-1: Swinging Strike 1-2: Strikes out swinging
|
|
Batting: RHB Bruce Benedict
|
0-0: Ball 1-0: Swinging Strike 1-1: Called Strike 1-2: Hit by Pitch
|
|
Batting: RHB Ell Roberson
|
0-0: Ball 1-0: Foul Ball, location: 2F 1-1: Ball 2-1: Ball 3-1: SINGLE (Line Drive, 34D, EV 98.8 MPH) Bruce Benedict to second
|
|
Batting: RHB Venson Davis
|
0-0: SINGLE (Line Drive, 8RS, EV 99.4 MPH) Bruce Benedict to third Ell Roberson to second Runner from 3rd tries for Home, SAFE, throw by CF to home
|
|
Batting: RHB Kelly Miller
|
0-0: Foul Ball, location: 2F 0-1: Reached via error on a dropped throw from 2B, E6 (Groundball, 4MS, EV 81.3 MPH) Ell Roberson to third Venson Davis to second
|
|
Batting: SHB Frank Diaz
|
0-0: Called Strike 0-1: Called Strike 0-2: Foul Ball, location: 2F 0-2: Fielders Choice at 2nd, 3-6 (Groundball, 3S, EV 93.8 MPH) Ell Roberson scores Venson Davis to third
|
|
Batting: SHB Jim Thomas
|
0-0: Ball 1-0: Called Strike 1-1: Ball 2-1: SINGLE (Groundball, 56D, EV 96.9 MPH) Venson Davis scores Frank Diaz to second
|
|
Batting: SHB Danny Montero
|
0-0: Ball Frank Diaz steals 3rd base 1-0: Ball 2-0: Ground out U3 (Groundball, 3, EV 100.6 MPH)
|
| Bottom of the 4th over - 3 runs, 3 hits, 1 error, 2 left on base; Peninsula 0 - Winston-Salem 4 |
| TOP OF THE 5TH |
|
Peninsula Panthers batting - Pitching for Winston-Salem Spirits : LHP Chuck Hensley
|
|
Batting: RHB David Stevens
|
0-0: SINGLE (Flyball, 8RS, EV 86.9 MPH) - OUT at second base trying to stretch hit.
|
|
Batting: LHB Ted French
|
0-0: Ball 1-0: Foul Ball, location: 2F 1-1: SOLO HOME RUN (Flyball, 89XD, EV 91.9 MPH), Distance : 388 ft
|
|
Batting: LHB Randy Harvey
|
0-0: Swinging Strike 0-1: Foul Ball, location: 2F 0-2: Strikes out swinging
|
|
Batting: RHB Franklin McKinney
|
0-0: Ball 1-0: Ball 2-0: Ball 3-0: Called Strike 3-1: Base on Balls
|
|
Batting: SHB Vince Coleman
|
0-0: Ball 1-0: Fielders Choice at 2nd, 6-4 (Groundball, 6, EV 91.3 MPH)
|
| Top of the 5th over - 1 run, 2 hits, 0 errors, 1 left on base; Peninsula 1 - Winston-Salem 4 |
| BOTTOM OF THE 5TH |
|
Winston-Salem Spirits batting - Pitching for Peninsula Panthers : RHP Steve Daniels
|
|
Batting: RHB Jeffrey Smith
|
0-0: Called Strike 0-1: Ball 1-1: Ball 2-1: Foul Ball, location: 2F 2-2: Ball 3-2: Base on Balls
|
|
Batting: RHB Larry Reasonover
|
0-0: Ball 1-0: Fly out, F9 (Flyball, 89S, EV 80.0 MPH)
|
|
Batting: RHB Bruce Benedict
|
0-0: Foul Ball, location: 2F 0-1: Fielders Choice at 2nd, 3-6 (Groundball, 34S, EV 82.5 MPH)
|
|
Batting: RHB Ell Roberson
|
0-0: Called Strike 0-1: TRIPLE (Line Drive, 89XD, EV 104.4 MPH) Bruce Benedict scores
|
|
Batting: RHB Venson Davis
|
0-0: Called Strike 0-1: Fly out, F4 (Popup, 4MD, EV 51.9 MPH)
|
| Bottom of the 5th over - 1 run, 1 hit, 0 errors, 1 left on base; Peninsula 1 - Winston-Salem 5 |
| TOP OF THE 6TH |
|
Peninsula Panthers batting - Pitching for Winston-Salem Spirits : LHP Chuck Hensley
|
|
Batting: SHB Romel Beck
|
0-0: Ball 1-0: Swinging Strike 1-1: Ball 2-1: Foul Ball, location: 2F 2-2: Ground out 4-3 (Groundball, 4, EV 78.8 MPH)
|
|
Batting: SHB Steven Malito
|
0-0: Ball 1-0: Ball 2-0: Ball 3-0: Called Strike 3-1: Called Strike 3-2: Base on Balls
|
|
Batting: RHB David Stokes
|
0-0: SINGLE (Line Drive, 9LS, EV 102.5 MPH) Steven Malito to second
|
|
Batting: RHB Lawrence McGee
|
0-0: Called Strike 0-1: Ball 1-1: Foul Ball, location: 2F 1-2: Ball 2-2: TRIPLE (Groundball, 3L, EV 103.1 MPH) Steven Malito scores David Stokes scores
|
|
Batting: RHB David Stevens
|
0-0: Called Strike 0-1: Ground out 6-3 (Groundball, 15, EV 86.9 MPH)
|
|
Batting: LHB Ted French
|
0-0: Ball 1-0: SINGLE (Line Drive, 9S, EV 111.9 MPH) Lawrence McGee scores
|
|
Batting: LHB Randy Harvey
|
0-0: Swinging Strike 0-1: Ball 1-1: Called Strike 1-2: Strikes out looking
|
| Top of the 6th over - 3 runs, 3 hits, 0 errors, 1 left on base; Peninsula 4 - Winston-Salem 5 |
| BOTTOM OF THE 6TH |
|
Winston-Salem Spirits batting - Pitching for Peninsula Panthers : RHP Steve Daniels
|
|
Batting: RHB Kelly Miller
|
0-0: Called Strike 0-1: Ball 1-1: Ball 2-1: Ball 3-1: Base on Balls
|
|
Batting: SHB Frank Diaz
|
0-0: Sac Bunt to 13 - play at first, batter OUT! 1-4 Kelly Miller to second
|
|
Batting: SHB Jim Thomas
|
0-0: Fly out, F4 (Flyball, 4D, EV 94.4 MPH)
|
|
Batting: SHB Danny Montero
|
0-0: Ball 1-0: Swinging Strike 1-1: Foul Ball, location: 2F 1-2: Strikes out swinging
|
| Bottom of the 6th over - 0 runs, 0 hits, 0 errors, 1 left on base; Peninsula 4 - Winston-Salem 5 |
| TOP OF THE 7TH |
|
Peninsula Panthers batting - Pitching for Winston-Salem Spirits : LHP Chuck Hensley
|
|
Batting: RHB Franklin McKinney
|
0-0: Ball 1-0: Ball 2-0: Ball 3-0: Called Strike 3-1: Base on Balls
|
|
Batting: SHB Vince Coleman
|
0-0: Called Strike Franklin McKinney is caught stealing 2nd base 2-4 0-1: Called Strike 0-2: TRIPLE (Line Drive, 8LXD, EV 95.6 MPH)
|
|
Batting: SHB Romel Beck
|
0-0: Ball 1-0: Called Strike 1-1: Ball 2-1: Ball 3-1: Foul Ball, location: 2F 3-2: Foul Ball, location: 2F 3-2: Base on Balls
|
|
Batting: SHB Steven Malito
|
0-0: Called Strike 0-1: Ball Pickoff Throw by Catcher to First - Out! 1-1: Swinging Strike 1-2: Strikes out swinging
|
| Top of the 7th over - 0 runs, 1 hit, 0 errors, 1 left on base; Peninsula 4 - Winston-Salem 5 |
| BOTTOM OF THE 7TH |
|
Winston-Salem Spirits batting - Pitching for Peninsula Panthers : RHP Steve Daniels
|
|
Batting: RHB Jeffrey Smith
|
0-0: Ball 1-0: Ball 2-0: Swinging Strike 2-1: Ground out U3 (Groundball, 34, EV 91.9 MPH)
|
|
Batting: RHB Larry Reasonover
|
0-0: Ball 1-0: Foul Ball, location: 2F 1-1: Called Strike 1-2: Foul Ball, location: 2F 1-2: Foul Ball, location: 2F 1-2: SINGLE (Groundball, 6MD, EV 94.4 MPH)
|
|
Pitching: RHP Guy Jones
|
|
|
Batting: RHB Bruce Benedict
|
0-0: Ball 1-0: Foul Ball, location: 2F 1-1: 2-RUN HOME RUN (Flyball, 78XD, EV 95.0 MPH), Distance : 423 ft
|
|
Batting: RHB Ell Roberson
|
0-0: Ball 1-0: Swinging Strike 1-1: Called Strike 1-2: Ground out 6-3 (Groundball, 6, EV 87.5 MPH)
|
|
Batting: RHB Venson Davis
|
0-0: Called Strike 0-1: Fly out, F9 (Flyball, 9, EV 86.9 MPH)
|
| Bottom of the 7th over - 2 runs, 2 hits, 0 errors, 0 left on base; Peninsula 4 - Winston-Salem 7 |
| TOP OF THE 8TH |
|
Peninsula Panthers batting - Pitching for Winston-Salem Spirits : LHP Chuck Hensley
|
|
Now in RF: Angelo Ross
|
|
|
Batting: RHB David Stokes
|
0-0: Foul Ball, location: 2F 0-1: Foul Ball, location: 2F 0-2: Ball 1-2: Strikes out swinging
|
|
Batting: RHB Lawrence McGee
|
0-0: Ball 1-0: Ball 2-0: Foul Ball, location: 2F 2-1: Ball 3-1: DOUBLE (Line Drive, 78D, EV 104.4 MPH)
|
|
Batting: RHB David Stevens
|
0-0: Ball 1-0: Ball 2-0: Ground out 4-3 (Groundball, 4, EV 83.8 MPH) Lawrence McGee to third
|
|
Batting: LHB Ted French
|
0-0: Swinging Strike 0-1: Foul Ball, location: 2F 0-2: Foul Ball, location: 2F 0-2: Ball 1-2: Ball 2-2: SINGLE (Line Drive, 89S, EV 111.9 MPH) Lawrence McGee scores
|
|
Pitching: RHP Ray Williams
|
|
|
Batting: LHB Randy Harvey
|
0-0: Called Strike 0-1: Swinging Strike 0-2: Fly out, F7 (Flyball, 7D, EV 88.1 MPH)
|
| Top of the 8th over - 1 run, 2 hits, 0 errors, 1 left on base; Peninsula 5 - Winston-Salem 7 |
| BOTTOM OF THE 8TH |
|
Winston-Salem Spirits batting - Pitching for Peninsula Panthers : RHP Guy Jones
|
|
Batting: RHB Kelly Miller
|
0-0: Foul Ball, location: 2F 0-1: Swinging Strike 0-2: Ball 1-2: Ball 2-2: Strikes out swinging
|
|
Batting: SHB Frank Diaz
|
0-0: Ground out 6-3 (Groundball, 6, EV 105.0 MPH)
|
|
Batting: SHB Jim Thomas
|
0-0: Called Strike 0-1: Ball 1-1: Ball 2-1: Ball 3-1: Fly out, F8 (Flyball, 8LD, EV 80.6 MPH)
|
| Bottom of the 8th over - 0 runs, 0 hits, 0 errors, 0 left on base; Peninsula 5 - Winston-Salem 7 |
| TOP OF THE 9TH |
|
Peninsula Panthers batting - Pitching for Winston-Salem Spirits : RHP Ray Williams
|
|
Batting: RHB Franklin McKinney
|
0-0: Ball 1-0: Called Strike 1-1: Foul Ball, location: 2F 1-2: Foul Ball, location: 2F 1-2: Foul Ball, location: 2F 1-2: Ball 2-2: SINGLE (Line Drive, 9S, EV 107.5 MPH)
|
|
Batting: SHB Vince Coleman
|
0-0: Fly out, F8 (Flyball, 8RM, EV 79.4 MPH)
|
|
Batting: SHB Romel Beck
|
0-0: Ball 1-0: Fielders Choice at 2nd, 6-4 (Groundball, 6, EV 78.8 MPH)
|
|
Batting: SHB Steven Malito
|
0-0: Ball 1-0: Ball 2-0: Called Strike 2-1: Fielders Choice at 2nd, 6-4 (Groundball, 56, EV 103.8 MPH)
|
| Top of the 9th over - 0 runs, 1 hit, 0 errors, 1 left on base; Peninsula 5 - Winston-Salem 7 |
|